 Dungeon Sprint DCSS version 0.18.1-6-gd335043 (webtiles) character file.

154699 Hipnos the End of an Era (level 17, -1/157 HPs)
             Began as a Demonspawn Fighter on May 16, 2016.
             Was the Champion of Qazlal.
             Killed by a greater mummy's death curse (30 damage)
             ... in the Dungeon (Sprint V: "Ziggurat Sprint").
             The game lasted 00:34:38 (5024 turns).

Hipnos the End of an Era (Demonspawn Fighter)       Turns: 5024, Time: 00:34:41

Health: -1/157     AC: 30    Str: 28    XL:     17   Next: 7%
Magic:  44/52      EV: 14    Int: 10    God:    Qazlal [******]
Gold:   0          SH: 39    Dex: 24    Spells: 0 memorised, 16 levels left

rFire  + + .     SeeInvis +     n - +6 shillelagh "Devastator" {shatter}
rCold  + + +     Gourm    .     l - +5 gold dragon armour
rNeg   + + .     Faith    +     m - +3 large shield
rPois  +         Spirit   .     (helmet unavailable)
rElec  .         Dismiss  .     J - +0 cloak {+Inv}
rCorr  .         Reflect  .     (no gloves)
SustAt .         Harm     .     (boots unavailable)
MR     .....     NoTele   +     Q - amulet "Loziygeh" {Faith rF+ rC+ MP+9}
Stlth  ..........               a - ring "Fauma" {rPois Dex+6}
                                b - ring "Onnai" {+Fly rC+ rN++ MR- MP+9}

@: mighty, agile, studying 4 skills, repel missiles, not resistant to hostile
enchantments, extremely unstealthy
A: antennae 3, claws 2, hooves 3, poison resistance, powered by pain 2, robust
1, rot immunity
a: Upheaval, Elemental Force, Disaster Area, Renounce Religion, Evoke
Invisibility, Evoke Flight


You were in the Dungeon.
You worshipped Qazlal.
Qazlal was exalted by your worship.
You were completely stuffed.

You visited 1 branch

Inventory:

Hand Weapons
 n - the +6 shillelagh "Devastator" (weapon) {shatter}
   (You found it in the Dungeon)
Armour
 l - a +5 gold dragon armour (worn)
 m - a +3 large shield (worn)
 J - a +0 cloak of invisibility (worn)
 V - the +0 helmet of Suocubon {+Inv rC+ Int+3}
   (You found it in the Dungeon)

   It affects your intelligence (+3).
   It protects you from cold.
   It lets you turn invisible.
Rods
 o - a +6 rod of inaccuracy (10/10)
   (You found it in the Dungeon)
 M - a +8 rod of clouds (9/9)
   (You took it off a skeletal warrior in the Dungeon)
Jewellery
 a - the ring "Fauma" (right claw) {rPois Dex+6}
   (You found it in the Dungeon)

   [ring of dexterity]

   It affects your dexterity (+6).
   It protects you from poison.
 b - the ring "Onnai" (left claw) {+Fly rC+ rN++ MR- MP+9}
   (You found it in the Dungeon)

   [ring of magical power]

   It protects you from cold.
   It greatly protects you from negative energy.
   It affects your resistance to hostile enchantments.
   It affects your magic capacity (+9).
   It lets you fly.
 c - an uncursed ring of fire
 r - an uncursed ring of protection from cold
 s - a +6 ring of strength
 t - a +6 ring of strength
 x - an uncursed ring of positive energy
 H - the amulet "Domefu" {Harm *Drain +Blink rElec Int-4}
   (You found it in the Dungeon)

   [amulet of harm]

   It increases damage dealt and taken.
   It affects your intelligence (-4).
   It insulates you from electricity.
   It lets you blink.
 L - a +6 ring of strength
 N - the amulet "Sufawkiw" {RegenMP rPois SInv}
   (You found it in the Dungeon)

   [amulet of magic regeneration]

   It increases your magic regeneration.
   It protects you from poison.
   It lets you see invisible.
 P - an uncursed ring of positive energy
 Q - the amulet "Loziygeh" (around neck) {Faith rF+ rC+ MP+9}
   (You found it in the Dungeon)

   [amulet of faith]

   It allows you to gain divine favour quickly.
   It protects you from fire.
   It protects you from cold.
   It affects your magic capacity (+9).
 R - a +2 ring of evasion
 S - an uncursed ring of protection from cold
 T - a +4 ring of intelligence
 W - the amulet of Tuit {Faith *Confuse +Blink rPois rN+ Str+3}
   (You took it off a deep elf sorcerer in the Dungeon)

   [amulet of faith]

   It allows you to gain divine favour quickly.
   It affects your strength (+3).
   It protects you from poison.
   It protects you from negative energy.
   It lets you blink.
   It may confuse you when you take damage.
 X - a +2 ring of intelligence
 Y - an uncursed ring of magical power
 Z - an uncursed ring of wizardry
Scrolls
 k - 4 scrolls of blinking
 y - 4 scrolls of amnesia
 A - 4 scrolls of recharging
 B - 10 scrolls of fog
 C - 5 scrolls of identify
 D - 5 scrolls of remove curse
 E - 2 scrolls of fear
 I - a scroll of acquirement
 K - 2 scrolls of brand weapon
Potions
 d - 2 potions of might
 e - 8 potions of curing
 g - 2 potions of heal wounds
 h - 7 potions of haste
 i - 7 potions of magic
 j - 2 potions of berserk rage
 u - 2 potions of brilliance
 v - 2 potions of invisibility
 w - 3 potions of resistance
 z - 5 potions of agility
Books
 p - a manual of Polearms
 q - a manual of Earth Magic
 O - a manual of Dodging
 U - a manual of Short Blades
Comestibles
 f - 5 bread rations
 F - 37 fruits
 G - 3 royal jellies


   Skills:
 + Level 15.7 Fighting
 * Level 22.1 Maces & Flails
 + Level 21.1 Armour
 + Level 2.5 Dodging
 O Level 27 Shields
 O Level 27 Invocations


You had 16 spell levels left.
You didn't know any spells.

Dungeon Overview and Level Annotations

Branches:
Dungeon (1/1)

Altars:
Ashenzari
Cheibriados
Dithmenos
Elyvilon
Fedhas
Gozag
Kikubaaqudgha
Makhleb
Nemelex Xobeh
Okawaru
Pakellas
Qazlal
Ru
Sif Muna
Trog
Vehumet
Xom
Yredelemnul
Zin
The Shining One
Beogh
Jiyva
Lugonu


Innate Abilities, Weirdness & Mutations

You have a pair of large antennae on your head (SInv).
You have very sharp fingernails.
You have hooves in place of feet.
You sometimes gain power by taking damage.
You are immune to rotting.
Your system is resistant to poisons.
You are robust (+10% HP).


Message History

The cutting wind hits the emperor scorpion.
You kill the emperor scorpion!
The emperor scorpion's corpse disappears in a puff of smoke!
The blast of magma engulfs the greater mummy.
The greater mummy is almost destroyed.
The blast of ice hits the greater mummy.
The greater mummy partially resists.
The greater mummy is heavily damaged.
The blast of ice hits the greater mummy.
The greater mummy partially resists.
The greater mummy is severely damaged.
The blast of magma engulfs the greater mummy.
The greater mummy is almost destroyed.
The blast of ice hits the greater mummy.
The greater mummy partially resists.
You destroy the greater mummy!
Qazlal accepts your kill.
You feel extremely nervous for a moment...
You convulse helplessly as pain tears through your body!
You die... ▓▓▓▓▓▓▓ { {{ {{{{{

......▓
.[:§≈§§:≈≈§§:§§
..}.).▓
MM:M≈:§M§§§§§.§
=".::.▓
.≈≈≈≈§≈§.§§§§M[
.:)[=.▓
.§§≈≈§[§§§§§§§.
......▓
.≈≈§§≈§≈§§§§§§≈
......▓
.§§≈§§§≈§§§§..≈
......▓
.§≈≈≈§≈§§§§§≈..
......▓
.....≈§@§§§§§≈.
......▓
..≈≈≈≈§..§≈§.§.
......▓
.≈..§§..§3≈≈...
......▓
.§.≈≈§§.§..≈≈≈.
......▓
.....§.........
.▓≈...▓
.§▓.§§.§§...▓..
▓▓▓≈..▓
§▓.▓§§..§§§▓.▓.
.▓....
..▓....§..§§▓..
≈.....
...............


You could see 3 greater mummies, a mummy priest, a soul eater and a guardian
mummy.

Vanquished Creatures
  3 greater mummies (D)
  3 iron giants (D)
  A lich (D)
  3 Hell Sentinels (D)
  4 quicksilver dragons (D)
  2 deep elf master archers (D)
  2 deep elf blademasters (D)
  2 tentacled starspawn (D)
  4 greater nagas (D)
  A fire giant (D)
  3 deep elf sorcerers (D)
  2 iron dragons (D)
  3 reapers (D)
  8 stone giants (D)
  3 vampire knights (D)
  A deep elf annihilator (D)
  3 merfolk javelineers (D)
  5 crystal guardians (D)
  2 blizzard demons (D)
  3 mummy priests (D)
  5 fire dragons (D)
  A deep elf high priest (D)
  3 ice dragons (D)
  A hydra (D)
  2 naga warriors (D)
  4 yaktaur captains (D)
  2 anacondas (D)
  A dancing weapon (D)
  4 centaur warriors (D)
  2 vampire magi (D)
  2 orc high priests (D)
  A thrashing horror (D)
  A sun demon (D)
  5 iron golems (D)
  A hell knight (D)
  3 death scarabs (D)
  10 skeletal warriors (D)
  4 deep elf archers (D)
  2 flayed ghosts (D)
  3 swamp dragons (D)
  3 anubis guards (D)
  4 deep elf magi (D)
  4 necromancers (D)
  5 cyclopes (D)
  2 ugly things (D)
  A guardian serpent (D)
  15 rust devils (D)
  3 naga magi (D)
  4 black mambas (D)
  6 gargoyles (D)
  A yaktaur (shapeshifter) (D)
  3 efreet (D)
  5 freezing wraiths (D)
  2 hellions (D)
  9 tormentors (D)
  4 yaktaurs (D)
  2 red devils (D)
  4 ice devils (D)
  7 rime drakes (D)
  A hellwing (D)
  A jumping spider (D)
  8 guardian mummies (D)
  A raiju (D)
  5 ushabtiu (D)
  3 flying skulls (D)
  3 shadows (D)
  8 spriggans (D)
  An air elemental (D)
  5 wyverns (D)
  A vampire (D)
  A ynoxinul (D)
  3 wraiths (D)
  A water elemental (D)
  A steam dragon (D)
  4 fire elementals (D)
  A large abomination (D)
  A warg (shapeshifter) (D)
  3 mottled dragons (D)
  2 nagas (D)
  6 hell hounds (D)
  3 water moccasins (D)
  3 swamp drakes (D)
  6 ice beasts (D)
  3 wasps (D)
  A necrophage (D)
  6 black bears (D)
  3 wolves (D)
  7 centaurs (D)
  A small abomination (D)
  5 earth elementals (D)
  4 scorpions (D)
  3 wights (D)
  A crimson imp (D)
  3 quasits (D)
  13 iron imps (D)
  A sheep (D)
  14 mummies (D)
  2 adders (D)
  3 shadow imps (D)
  4 white imps (D)
  An ufetubus (D)
  7 adder zombies (D)
  7 adder skeletons (D)
  2 ball pythons (D)
  A bat simulacrum (D)
  4 bat skeletons (D)
  11 bat zombies (D)
  A jackal (D)
  A ball python skeleton (D)
  2 ball python zombies (D)
  8 giant cockroach zombies (D)
  4 giant gecko skeletons (D)
  3 jackal zombies (D)
  A quokka skeleton (D)
  3 quokka zombies (D)
  A fire vortex (D)
  4 starspawn tentacles (D)
406 creatures vanquished.

Vanquished Creatures (others)
  A spatial maelstrom (D)
  An adder zombie (D)
  2 bat zombies (D)
  A lurking horror (D)
  4 starspawn tentacles (D)
  163 starspawn tentacle segments (D)
172 creatures vanquished.

Grand Total: 578 creatures vanquished

Notes
Turn   | Place    | Note
--------------------------------------------------------------
     0 | D        | Hipnos the Demonspawn Fighter began the quest for the Orb.
     0 | D        | Reached XP level 1. HP: 18/18 MP: 1/1
     2 | D        | Became a worshipper of Qazlal Stormbringer
     6 | D        | Found an iron altar of Okawaru.
     6 | D        | Found a radiant altar of Vehumet.
     6 | D        | Found a shimmering altar of Xom.
     6 | D        | Found a burning altar of Makhleb.
     6 | D        | Found a deep blue altar of Sif Muna.
    11 | D        | Found a bloodstained altar of Trog.
    12 | D        | Found a white marble altar of Elyvilon.
    12 | D        | Found a sparkling altar of Nemelex Xobeh.
    12 | D        | Found a corrupted altar of Lugonu.
    12 | D        | Found a roughly hewn altar of Beogh.
    12 | D        | Found a viscous altar of Jiyva.
    18 | D        | Banished a spatial maelstrom
    70 | D        | Gained mutation: You have large cloven feet. [demonic ancestry]
    70 | D        | Reached XP level 2. HP: 25/25 MP: 1/4
   106 | D        | Entered arena 1.
   110 | D        | Gained mutation: You have sharp fingernails. [demonic ancestry]
   110 | D        | Reached XP level 3. HP: 25/31 MP: 5/5
   114 | D        | Got the amulet of Dithmenos's Esteem {Spirit rF+ Dex+4 Stlth+}
   175 | D        | Entered arena 2.
   179 | D        | Reached * piety under Qazlal
   179 | D        | Reached skill level 5 in Fighting
   191 | D        | Entered arena 3.
   191 | D        | Noticed a golden eye
   191 | D        | Noticed a cyan ugly thing
   191 | D        | Noticed a scorpion
   191 | D        | Noticed a green ugly thing
   191 | D        | Noticed a wyvern
   191 | D        | a golden eye changed into a wyvern
   191 | D        | Noticed an ice beast
   191 | D        | a scorpion changed into an ice beast
   192 | D        | Noticed a black bear
   192 | D        | an ice beast changed into a black bear
   194 | D        | Noticed a warg
   194 | D        | a wyvern changed into a warg
   200 | D        | a black bear changed into something unseen
   202 | D        | Noticed a yaktaur
   204 | D        | Killed a green ugly thing
   204 | D        | Reached ** piety under Qazlal
   204 | D        | Reached XP level 4. HP: 32/44 MP: 2/6
   204 | D        | Gained mutation: You have hoof-like feet. [demonic ancestry]
   204 | D        | Reached XP level 5. HP: 35/49 MP: 2/7
   204 | D        | Reached XP level 6. HP: 41/56 MP: 2/8
   205 | D        | Killed a warg
   205 | D        | Reached skill level 5 in Maces & Flails
   205 | D        | Gained mutation: You sometimes gain a little power by taking damage. [demonic ancestry]
   205 | D        | Reached XP level 7. HP: 45/62 MP: 2/9
   207 | D        | Killed a purple ugly thing
   209 | D        | Killed a yaktaur
   209 | D        | Reached *** piety under Qazlal
   209 | D        | Reached XP level 8. HP: 42/71 MP: 1/10
   225 | D        | Gained mutation: You have a pair of small horns on your head. [mutagenic meat]
   226 | D        | Gained mutation: You are robust (+10% HP). [mutagenic meat]
   227 | D        | Gained mutation: Your system is resistant to poisons. [mutagenic meat]
   230 | D        | Lost mutation: You have a pair of small horns on your head. [mutagenic meat]
   470 | D        | Got the amulet of Summer {Reflect rPois SH+4}
   479 | D        | Entered arena 4.
   481 | D        | Reached skill level 10 in Shields
   489 | D        | Entered arena 5.
   489 | D        | Noticed a jumping spider
   492 | D        | Reached **** piety under Qazlal
   498 | D        | Killed a jumping spider
   498 | D        | Reached skill level 10 in Fighting
   498 | D        | Reached skill level 10 in Armour
   636 | D        | Entered arena 6.
   636 | D        | Noticed a greater mummy
   636 | D        | Noticed a guardian mummy
   636 | D        | Noticed a flying skull
   638 | D        | Reached ***** piety under Qazlal
   640 | D        | Noticed a freezing wraith
   640 | D        | Noticed a jiangshi
   644 | D        | Killed a guardian mummy
   644 | D        | Gained mutation: You have very sharp fingernails. [demonic ancestry]
   644 | D        | Reached XP level 9. HP: 35/86 MP: 8/11
   648 | D        | Noticed a flayed ghost
   651 | D        | Noticed a phantasmal warrior
   652 | D        | Noticed a mana viper
   652 | D        | Noticed a mana viper
   652 | D        | Noticed a mana viper
   652 | D        | Noticed a mana viper
   662 | D        | Noticed a mana viper
   662 | D        | Noticed a mana viper
   662 | D        | Noticed a mana viper
   662 | D        | Noticed a mana viper
   663 | D        | Killed a greater mummy
   663 | D        | Gained mutation: You have hooves in place of feet. [demonic ancestry]
   663 | D        | Reached XP level 10. HP: 25/96 MP: 1/12
   663 | D        | Noticed a reaper
  1229 | D        | Entered arena 7.
  1235 | D        | Reached ****** piety under Qazlal
  1240 | D        | Reached skill level 15 in Shields
  1246 | D        | Got the amulet of Qapp {RegenMP Dex+2}
  1248 | D        | Got the ring of Okuagrib {SustAt +Blink}
  1392 | D        | Entered arena 8.
  1392 | D        | Noticed a rust devil
  1392 | D        | Noticed a sun demon
  1402 | D        | Reached skill level 5 in Invocations
  1402 | D        | Killed a sun demon
  1402 | D        | Gained mutation: You are immune to rotting. [demonic ancestry]
  1402 | D        | Reached XP level 11. HP: 75/103 MP: 10/15
  1554 | D        | Entered arena 9.
  1554 | D        | Noticed a spriggan rider
  1554 | D        | Noticed a spriggan rider
  1570 | D        | Killed a spriggan rider
  1733 | D        | Entered arena 10.
  1733 | D        | Noticed a spriggan rider
  1793 | D        | Entered arena 11.
  1793 | D        | Noticed a hell knight
  1801 | D        | Killed a hell knight
  2057 | D        | Entered arena 12.
  2057 | D        | Noticed a tentacled starspawn
  2057 | D        | Noticed a thrashing horror
  2059 | D        | Noticed a tentacled starspawn
  2064 | D        | Killed a thrashing horror
  2064 | D        | Reached skill level 10 in Maces & Flails
  2070 | D        | Killed a tentacled starspawn
  2072 | D        | Killed a tentacled starspawn
  2072 | D        | Reached skill level 10 in Invocations
  2072 | D        | Reached XP level 12. HP: 55/115 MP: 5/19
  2282 | D        | Entered arena 13.
  2283 | D        | Noticed an ice dragon
  2283 | D        | Noticed an ice dragon
  2283 | D        | Noticed an ice dragon
  2284 | D        | Noticed a fire dragon
  2288 | D        | Noticed a fire dragon
  2290 | D        | Killed an ice dragon
  2290 | D        | Killed an ice dragon
  2298 | D        | Killed an ice dragon
  2304 | D        | Killed a fire dragon
  2307 | D        | Killed a fire dragon
  2651 | D        | Got the amulet "Bucalin" {Inacc +Inv}
  2660 | D        | Entered arena 14.
  2661 | D        | Noticed a fire dragon
  2661 | D        | Noticed a fire giant
  2676 | D        | Killed a fire giant
  2681 | D        | Killed a fire dragon
  2861 | D        | Entered arena 15.
  2861 | D        | Noticed a vampire knight
  2861 | D        | Noticed a vampire mage
  2861 | D        | Noticed a vampire knight
  2862 | D        | Noticed a vampire knight
  2864 | D        | Paralysed by a vampire knight for 3 turns
  2868 | D        | Gained mutation: You have a pair of small antennae on your head. [demonic ancestry]
  2868 | D        | Reached XP level 13. HP: 109/122 MP: 20/23
  2868 | D        | Killed a vampire knight
  2870 | D        | Noticed a jiangshi
  2870 | D        | Killed a vampire knight
  2870 | D        | Reached skill level 15 in Invocations
  2870 | D        | Killed a vampire knight
  2870 | D        | Reached skill level 15 in Armour
  3024 | D        | Entered arena 16.
  3027 | D        | Noticed a lich
  3037 | D        | Killed a lich
  3051 | D        | Got the amulet "Loziygeh" {Faith rF+ rC+ MP+9}
  3219 | D        | Entered arena 17.
  3223 | D        | Noticed a fire dragon
  3223 | D        | Noticed a fire dragon
  3224 | D        | Killed a fire dragon
  3235 | D        | Killed a fire dragon
  3333 | D        | Entered arena 18.
  3335 | D        | Noticed a reaper
  3336 | D        | Noticed a blizzard demon
  3336 | D        | Noticed a blizzard demon
  3339 | D        | Killed a blizzard demon
  3339 | D        | Killed a reaper
  3339 | D        | Killed a blizzard demon
  3340 | D        | Gained mutation: You have a pair of antennae on your head. [demonic ancestry]
  3340 | D        | Reached XP level 14. HP: 132/132 MP: 27/27
  3357 | D        | Got the +0 helmet of Suocubon {+Inv rC+ Int+3}
  3374 | D        | Entered arena 19.
  3379 | D        | Noticed a deep elf sorcerer
  3379 | D        | Noticed a deep elf blademaster
  3379 | D        | Noticed a deep elf sorcerer
  3379 | D        | Noticed a deep elf master archer
  3379 | D        | Noticed a deep elf sorcerer
  3380 | D        | Noticed a deep elf blademaster
  3382 | D        | Killed a deep elf sorcerer
  3382 | D        | Killed a deep elf sorcerer
  3382 | D        | Killed a deep elf master archer
  3390 | D        | Killed a deep elf blademaster
  3392 | D        | Killed a deep elf sorcerer
  3393 | D        | Killed a deep elf blademaster
  3415 | D        | Got the amulet of Tuit {Faith *Confuse +Blink rPois rN+ Str+3}
  3591 | D        | Entered arena 20.
  3595 | D        | Noticed a greater naga
  3595 | D        | Noticed a greater naga
  3596 | D        | Noticed a greater naga
  3598 | D        | Killed a greater naga
  3598 | D        | Reached skill level 15 in Maces & Flails
  3598 | D        | Killed a greater naga
  3599 | D        | Noticed a greater naga
  3600 | D        | Killed a greater naga
  3600 | D        | Killed a greater naga
  3606 | D        | Reached XP level 15. HP: 120/139 MP: 25/30
  3697 | D        | Entered arena 21.
  3700 | D        | Noticed an iron dragon
  3701 | D        | Noticed a quicksilver dragon
  3702 | D        | Noticed a quicksilver dragon
  3702 | D        | Noticed a quicksilver dragon
  3703 | D        | Noticed a quicksilver dragon
  3704 | D        | Killed a quicksilver dragon
  3704 | D        | Killed a quicksilver dragon
  3704 | D        | Killed a quicksilver dragon
  3704 | D        | Killed an iron dragon
  3704 | D        | Killed a quicksilver dragon
  3730 | D        | Got the ring "Fauma" {rPois Dex+6}
  4001 | D        | Entered arena 22.
  4007 | D        | Noticed a deep elf master archer
  4009 | D        | Killed a deep elf master archer
  4009 | D        | Reached skill level 15 in Fighting
  4011 | D        | Gained mutation: You sometimes gain power by taking damage. [demonic ancestry]
  4011 | D        | Reached XP level 16. HP: 114/149 MP: 33/33
  4016 | D        | Reached skill level 27 in Invocations
  4023 | D        | Got the ring "Onnai" {+Fly rC+ rN++ MR- MP+9}
  4168 | D        | Entered arena 23.
  4174 | D        | Noticed an iron giant
  4175 | D        | Noticed a Hell Sentinel
  4175 | D        | Noticed a Hell Sentinel
  4177 | D        | Killed an iron giant
  4183 | D        | Killed a Hell Sentinel
  4205 | D        | Killed a Hell Sentinel
  4223 | D        | Got the amulet "Domefu" {Harm *Drain +Blink rElec Int-4}
  4794 | D        | Entered arena 24.
  4800 | D        | Noticed an iron giant
  4801 | D        | Noticed an iron giant
  4802 | D        | Noticed a Hell Sentinel
  4802 | D        | Killed an iron giant
  4804 | D        | Reached skill level 27 in Shields
  4806 | D        | Killed an iron giant
  4806 | D        | Killed a Hell Sentinel
  4816 | D        | Identified a +8 rod of clouds (3/9)
  4832 | D        | Got the amulet "Sufawkiw" {RegenMP rPois SInv}
  5012 | D        | Entered arena 25.
  5020 | D        | Noticed a greater mummy
  5020 | D        | Noticed a greater mummy
  5021 | D        | Noticed a greater mummy
  5022 | D        | Noticed a greater mummy
  5022 | D        | Noticed a greater mummy
  5022 | D        | Noticed a greater mummy
  5023 | D        | Killed a greater mummy
  5024 | D        | Killed a greater mummy
  5024 | D        | Gained mutation: You have a pair of large antennae on your head (SInv). [demonic ancestry]
  5024 | D        | Reached XP level 17. HP: 29/157 MP: 34/34
  5024 | D        | Killed a greater mummy
  5024 | D        | Killed by a greater mummy's death curse

Skill      XL: |  1  2  3  4  5  6  7  8  9 10 11 12 13 14 15 16 |
---------------+-------------------------------------------------+-----
Fighting       | 4 7 8 9 10 12 13 14 15 | 15.7
Maces & Flails | 3 4 5 6 8 10 12 13 15 17 22 | 22.1
Armour         | 3 4 7 9 10 12 13 14 15 16 17 21 | 21.1
Dodging        | 2 |  2.5
Shields        | 3 4 7 8 9 11 14 15 17 18 20 23 25 27 | 27.0
Invocations    | 3 5 10 14 19 23 26 27 | 27.0

Action                   |  1- 3 |  4- 6 |  7- 9 | 10-12 | 13-15 | 16-18 || total
-------------------------+-------+-------+-------+-------+-------+-------++-------
Melee: Shillelagh        |    14 |     1 |    26 |   118 |    75 |     6 ||   240
       Kick              |     6 |       |    10 |    51 |    36 |       ||   103
Invok: Upheaval          |       |       |       |     5 |       |     6 ||    11
       Disaster Area     |       |       |       |     3 |    12 |     8 ||    23
  Use: Potion            |     5 |       |    10 |     5 |     1 |     2 ||    23
  Eat: Chunk             |       |       |     6 |       |       |       ||     6
       Meat ration       |       |       |       |     2 |     1 |     1 ||     4
       Fruit             |       |       |       |     5 |       |       ||     5
Armor: Gold dragon armou |     9 |       |    41 |    77 |    60 |     1 ||   188
Dodge: Dodged            |       |     1 |    25 |    27 |    24 |       ||    77
       Deflected         |       |       |       |       |     8 |       ||     8
Block: Large shield      |    18 |     2 |   103 |   216 |   211 |    20 ||   570
